AoeStats
← qLau

Arabia

508489328Analyzed
1v1 RM · 11d ago on Sep 22, 2026· 41m 15s· 2 players
Game mode
Random Map
Map size
Tiny (2 player)
Population
200
Speed
Normal
Resources
Standard
Victory
Conquest
Starting age
Dark Age
Ending age
Imperial Age
RankedLock teamsTeams togetherTeam positionsShared explorationLock speedFull tech treeHidden civsTurbo modeCheats
Victory
Defeat
🇷🇴 Magyars · Romania
874
+15
🇺🇸 Random · United States
855
-15
Morgan Wyrd
6:53 Loom
9:56 Feudal Age
10:52 Double-Bit Axe
14:25 Bloodlines
15:44 Horse Collar
18:13 Forging
18:09 Scale Barding Armor
21:53 Wheelbarrow
25:01 Castle Age
23:44 Fletching
24:30 Gold Mining
24:32 Stone Mining
28:07 Husbandry
27:46 Light Cavalry
30:35 Stone Shaft Mining
32:20 Hand Cart
35:18 Squires
35:58 Iron Casting
35:44 Chain Barding Armor
37:46 Bow Saw
38:57 Heavy Plow
41:41 Imperial Age
qLau
4:29 Loom
9:52 Feudal Age
10:58 Double-Bit Axe
13:33 Wheelbarrow
13:09 Horse Collar
22:41 Castle Age
20:56 Stone Mining
22:47 Bloodlines
23:34 Bow Saw
24:33 Scale Barding Armor
27:53 Chain Barding Armor
29:24 Hand Cart
29:13 Corvinian Army
29:46 Heavy Plow
31:50 Fletching
35:16 Bodkin Arrow
36:35 Gold Mining
38:09 Husbandry
Connection lost

Rejoining the realm…

Still unreachable

The connection could not be restored.

Session expired

The server has moved on; the page needs a fresh start.